 Dungeon Crawl Stone Soup version 0.28-a0-1613-gdaab1c2f9b (webtiles) character file.

Game seed: 900393244651570550

68 jlumianski the Skirmisher (level 4, 0/40 HPs)
             Began as a Hill Orc Fighter on Jan 22, 2022.
             Slain by a gnoll (2 damage)
             ... on level 3 of the Dungeon.
             The game lasted 00:05:53 (1612 turns).

jlumianski the Skirmisher (Hill Orc Fighter)        Turns: 1612, Time: 00:05:54

Health: 0/40       AC:  6    Str: 26    XL:     4   Next: 19%
Magic:  4/4        EV:  9    Int:  8    God:
Gold:   67         SH:  4    Dex: 10    Spells: 3/3 levels left

rFire   . . .      SeeInvis +   a - +0 war axe
rCold   . . .      Faith    .   c - +0 buckler
rNeg    . . .      Spirit   .   b - +0 scale mail
rPois   .          Reflect  .   (no helmet)
rElec   .          Harm     .   (no cloak)
rCorr   .          Rampage  .   (no gloves)
Will    .....                   (no boots)
Stlth   ..........              (no amulet)
HPRegen 0.13/turn               i - ring of see invisible
MPRegen 0.09/turn               j - +6 ring of strength

@: no status effects
A: no striking features
a: no special abilities


You were on level 3 of the Dungeon.
You visited 1 branch of the dungeon, and saw 5 of its levels.

You collected 67 gold pieces.

Inventory:

Hand Weapons
 a - a +0 war axe (weapon)
 e - a +0 hunting sling
Missiles
 f - 25 arrows
 h - 57 stones (quivered)
 p - 4 poisoned darts
Armour
 b - a +0 scale mail (worn)
 c - a +0 buckler (worn)
 k - a +0 chain mail
Magical Staves
 g - a staff of poison
Jewellery
 i - a ring of see invisible (left hand)
 j - a +6 ring of strength (right hand)
 m - an amulet of faith
Scrolls
 n - a scroll of blinking {unknown}
 o - a scroll of teleportation
Potions
 d - a potion of might
 l - a potion of cancellation {unknown}


   Skills:
 + Level 4.1 Fighting
 + Level 4.0 Axes
 + Level 3.6 Armour
 + Level 0.4 Dodging
 + Level 0.3 Stealth
 + Level 3.7 Shields


You had 3 spell levels left.
You didn't know any spells.
Your spell library was empty.

Dungeon Overview and Level Annotations

Branches:
Dungeon (5/15)
 Temple: D:4-7

Altars:


Message History

You now have 67 gold pieces (gained 12).
An endoplasm comes into view.
The endoplasm jiggles.
The endoplasm freezes you.
You are frozen.
You hit the endoplasm.
The endoplasm is moderately wounded.
The endoplasm hits you but does no damage.
You slash the endoplasm!
You kill the endoplasm!
There is a stone staircase leading down here.
You climb downwards.
There is a stone staircase leading up here. 4 gnolls come into view.
The gnoll shouts! x3
A gnoll comes into view. It is wielding a +0 whip.
You slash the gnoll!
You kill the gnoll!
The gnoll hits you with a +0 club!
You barely miss the gnoll. You block the gnoll's attack.
The gnoll hits you from afar with a +0 halberd!
You completely miss the gnoll. The gnoll hits you with a +0 club.
The gnoll hits you from afar with a +0 halberd!
* * * LOW HITPOINT WARNING * * *
The gnoll hits you with a +0 club.
* * * LOW HITPOINT WARNING * * *
You block the gnoll's attack.
Okay, then.
There is a stone staircase leading up here.
You climb upwards.
There is a stone staircase leading down here.
There is a stone staircase leading up here.
The gnoll hits you with a +0 club.
* * * LOW HITPOINT WARNING * * *
You climb upwards.
There is a stone staircase leading down here.
The gnoll hits you but does no damage.
There is an open door here.
The gnoll hits you with a +0 club.
You die...

......+.#.#
......#.#.#
........#.# #.#
#####.###.# #+# #.# #
#.# #.#####.# #.# #
#.###.......###.# #
#.†...###....##.# #
#####.# #....##.#
#########.# #...@##.#
........... +....g.>#
#########.###....####
# #.# #....# #.#
#....# ###### #.#
#....# .....# ######
.....# .....#


You could see a gnoll.

Vanquished Creatures
  A gnoll (D:5)
  3 adder skeletons (D:4)
  A worm (D:3)
  A dart slug (D:3)
  An orc (D:3)
  9 ball pythons
  3 endoplasms
  2 giant cockroaches
  3 goblins
  5 hobgoblins (D:1)
  4 quokkas
  2 bats
  5 frilled lizards
  4 rats
44 creatures vanquished.

Notes
Turn   | Place    | Note
-------+----------+-------------------------------------------
     0 | D:1      | jlumianski the Hill Orc Fighter began the quest for the
                  | Orb.
     0 | D:1      | Reached XP level 1. HP: 19/19 MP: 1/1
     5 | D:1      | Noticed a vine stalker
     5 | D:1      | Noticed a vampire
     7 | D:1      | Noticed a formicid
     7 | D:1      | Noticed a ghoul
     9 | D:1      | Noticed an elf
    11 | D:1      | Noticed a demigod
    11 | D:1      | Noticed a troll
    13 | D:1      | Noticed a naga
    15 | D:1      | Noticed a demonspawn
    15 | D:1      | Noticed a tengu
    17 | D:1      | Noticed a spriggan
    19 | D:1      | Noticed an ogre
    19 | D:1      | Noticed a human
    21 | D:1      | Noticed a merfolk
    23 | D:1      | Noticed a dwarf
    23 | D:1      | Noticed a felid
    25 | D:1      | Noticed an octopode
    25 | D:1      | Noticed a draconian
    27 | D:1      | Noticed a gargoyle
    29 | D:1      | Noticed a minotaur
   203 | D:1      | Reached XP level 2. HP: 22/27 MP: 2/2
   928 | D:1      | Reached XP level 3. HP: 33/33 MP: 3/3
  1474 | D:4      | Reached XP level 4. HP: 35/40 MP: 4/4
  1559 | D:5      | Entered Level 5 of the Dungeon
  1586 | D:5      | HP: 1/40 [gnoll (5)]
  1608 | D:4      | HP: 1/40 [gnoll (3)]
  1612 | D:3      | Slain by a gnoll

Illustrated notes

Levels and vault maps discovered:
D:1:      kb_arrival_jail, layout_loops_corners, minmay_vboxes
D:2:      layout_basic, shapermc_ecumenical_altar_mp_urbaneastern,
          hangedman_decor_growths, minmay_fountain_box, uniq_crazy_yiuf_cottage,
          uniq_sigmund, uniq_natasha
D:3:      layout_basic, serial_shops, nicolae_shop_overgrown_old_shop,
          mrwooster_statue_mirror
D:4:      layout_loops_cross, mainiacjoe_overflow_alcove_2, uniq_duvessa,
          uniq_pikel
D:5:      layout_basic, nicolae_gozag_zags_fifth_avenue, serial_shops, shop,
          minmay_puff

Skill      XL: |  1  2  3 |
---------------+----------+-----
Fighting       | 4 |  4.1
Axes           | 3 4 |  4.0
Armour         | |  3.6
Dodging        | |  0.4
Stealth        | |  0.3
Shields        | |  3.7

Action                   |  1- 3 |  4- 6 || total
-------------------------+-------+-------++-------
Melee: War axe           |   111 |     5 ||   116
Throw: Stone             |    25 |       ||    25
  Use: Scroll            |     2 |       ||     2
Armor: Scale mail        |    49 |     2 ||    51
Dodge: Dodged            |    56 |       ||    56
Block: Buckler           |    27 |     2 ||    29

Table legend: (Time is in decaauts)
 A = Elapsed time spent in this place.
 B = Non-inter-level travel time spent in this place.
 C = Inter-level travel time spent in this place.
 D = Time resting spent in this place.
 E = Time spent auto-exploring this place.
 F = Levels seen in this place.
 G = Mean time per level.
                   A        B        C        D        E       F      G
               +--------+--------+--------+--------+--------+-----+--------+
         Total |   1659 |   1615 |     44 |      7 |    994 |   5 |  331.8 |
       Dungeon |   1659 |   1615 |     44 |      7 |    994 |   5 |  331.8 |
               +--------+--------+--------+--------+--------+-----+--------+

Top non-repeatable levels by time:
     D:1: 1118 daAuts
     D:3: 218 daAuts
     D:4: 177 daAuts
     D:2: 102 daAuts
     D:5: 42 daAuts
